 Dungeon Crawl Stone Soup version 0.25-a0-589-g1e14c549ee (webtiles) character file.

Game seed: 7362635614949774546, levelgen mode: deterministic

408 Gargoyl the Skirmisher (level 6, -2/85 HPs)
             Began as a Centaur Abyssal Knight on Mar 10, 2020.
             Was a Believer of Lugonu.
             Killed by divine providence
             ... invoked by an orc priest
              (11 damage)
             ... on level 6 of the Dungeon.
             The game lasted 00:05:57 (4492 turns).

Gargoyl the Skirmisher (Centaur Abyssal Knight)     Turns: 4492, Time: 00:05:58

Health: -2/85      AC: 23    Str: 16    XL:     6   Next: 57%
Magic:  4/8        EV:  1    Int: 16    God:    Lugonu [**....]
Gold:   201        SH:  3    Dex:  9    Spells: 5/5 levels left

rFire    . . .     SeeInvis .   k - +1 hand axe (flame)
rCold    . . .     Gourm    +   d - +0 buckler
rNeg     + + +     Faith    .   (armour currently unavailable)
rPois    +         Spirit   .   (helmet currently unavailable)
rElec    .         Reflect  .   (cloak currently unavailable)
rCorr    .         Harm     .   (gloves currently unavailable)
MR       +....     NoTele   +   (no barding)
Stlth    +.........             p - amulet of the gourmand
HPRegen  0.24/turn              (no ring)
MPRegen  0.11/turn              i - +3 ring of intelligence

@: lethally poisoned (-2 -> -4), tree-form, drained
A: large, clever 1, magic resistance 1, robust 1
a: Depart the Abyss, Bend Space, Renounce Religion


You were on level 6 of the Dungeon.
You worshipped Lugonu.
Lugonu was pleased with you.
You were not hungry.
You were a tree.
You visited 1 branch of the dungeon, and saw 6 of its levels.
You visited the Abyss 1 time.

You collected 201 gold pieces.

Inventory:

Hand Weapons
 a - a +1 hand axe
 k - a +1 hand axe of flaming (weapon)
Missiles
 g - a boomerang (quivered)
Armour
 b - a +0 cloak (melded)
 d - a +0 buckler (worn)
 e - a +0 chain mail (melded)
 j - a +0 helmet (melded)
Jewellery
 i - a +3 ring of intelligence (right branch)
 p - an amulet of the gourmand (around neck)
Scrolls
 f - 3 scrolls of remove curse
 l - 2 scrolls of fog
 o - a scroll of teleportation
 s - a scroll of identify
 u - a scroll of enchant weapon
Potions
 h - a potion of brilliance
 n - 2 potions of lignification
Comestibles
 c - 6 rations
 r - 2 chunks of flesh


   Skills:
 + Level 4.0(2.9) Fighting
 + Level 2.8(1.9) Axes
   Level 0.6(0.9) Maces & Flails
 * Level 3.2(2.2) Armour
 + Level 1.1(0.2) Dodging
 * Level 1.5(0.6) Shields
 * Level 3.6(2.5) Invocations


You had 5 spell levels left.
You didn't know any spells.
Your spell library was empty.

Dungeon Overview and Level Annotations

Branches:
Dungeon (5/15)
 Temple: D:4-7

Altars:


Innate Abilities, Weirdness & Mutations

((You have hooves in place of feet.))
((Armour fits poorly on your strangely shaped body.))
((You cover ground very quickly.))
((You have extremely tough skin. (AC +3)))
Your mind is acute. (Int +2)
You are resistant to hostile enchantments. (MR+)
You are robust. (+10% HP)
((You are covered in fur. (AC +1)))


Message History

You feel sick.
Really quaff the potion of mutation?
You feel extremely strange.
You feel more encumbered by your armour.
You feel stable.
You no longer feel jittery.
You feel clumsy.
Rugged brown scales grow over part of your body.
Your vision blurs.
A pair of horns grows on your head!
You feel your magical essence link to the dungeon's wands.
The orc hits you but does no damage.
Really quaff the potion of mutation?
You feel extremely strange. The horns on your head shrink away.
Your vision sharpens.
Your magical essence no longer links to wands of the dungeon.
Your rugged brown scales disappear.
You feel robust.
You feel clever. Fur sprouts all over your body.
You feel resistant to hostile enchantments.
You feel sick. The orc hits you but does no damage.
The orc priest calls down the wrath of Beogh upon you.
Beogh smites you!
You die...

#. #.###
## .o.#
.# ..#
..#
#O##.#
#o#.# ##
#oo## #>#
#.#§###.#
#.##♣#.#
#.###.#
#.# #.#
#.# #.#
#.###.##
#.##...##
#..#..#
#.###.# #
#..#..#


You could see an ogre, an orc priest and 2 orcs.

Vanquished Creatures
  2 hounds
  2 orc priests (D:3)
  A bullfrog skeleton (D:4)
  2 orc wizards
  An iguana (D:4)
  4 adders
  3 worms
  A dart slug (D:1)
  3 leopard geckos
  20 orcs
  A ball python (D:3)
  2 giant cockroaches (D:1)
  7 goblins
  9 hobgoblins
  7 jackals
  7 kobolds
  3 quokkas (D:2)
  5 bats
  4 frilled lizards
  11 rats
95 creatures vanquished.

Vanquished Creatures (others)
  An orc wizard (D:6)
1 creature vanquished.

Grand Total: 96 creatures vanquished

Notes
Turn   | Place    | Note
-------+----------+-------------------------------------------
     0 | Abyss:1  | Gargoyl the Centaur Abyssal Knight began the quest for the
                  | Orb.
     0 | Abyss:1  | Reached XP level 1. HP: 19/19 MP: 2/2
     3 | Abyss:1  | Noticed a wretched star
     4 | Abyss:1  | Noticed an ancient zyme
     9 | D:1      | Escaped the Abyss
     9 | D:1      | Noticed an octopode
    17 | D:1      | Noticed a dwarf
    19 | D:1      | Noticed a dwarf
    20 | D:1      | Noticed a draconian
    23 | D:1      | Noticed a formicid
    25 | D:1      | Noticed a dwarf
    25 | D:1      | Noticed a minotaur
    27 | D:1      | Noticed a draconian
    27 | D:1      | Noticed an elf
    29 | D:1      | Noticed a spriggan
    29 | D:1      | Noticed a minotaur
    31 | D:1      | Noticed a human
    33 | D:1      | Noticed a centaur
    33 | D:1      | Noticed a formicid
   428 | D:1      | Reached XP level 2. HP: 18/20 MP: 3/3
   550 | D:1      | Reached * piety under Lugonu
   836 | D:2      | Reached XP level 3. HP: 16/24 MP: 4/4
  1662 | D:2      | Gained mutation: Your movements are slightly less
                  | encumbered by armour. (ER -2) [potion of mutation]
  1662 | D:2      | Gained mutation: You are agile. (Dex +2) [potion of
                  | mutation]
  1662 | D:2      | Gained mutation: You are occasionally teleported next to
                  | monsters. [potion of mutation]
  1662 | D:2      | Gained mutation: You can translocate small distances at
                  | will. [potion of mutation]
  1685 | D:2      | Reached XP level 4. HP: 13/31 MP: 4/6
  1705 | D:2      | Reached ** piety under Lugonu
  2133 | D:3      | Reached skill level 1 in Dodging
  2133 | D:3      | Reached skill level 1 in Shields
  2459 | D:3      | Reached XP level 5. HP: 36/36 MP: 7/7
  3676 | D:4      | Reached XP level 6. HP: 25/41 MP: 8/8
  3989 | D:4      | Reached *** piety under Lugonu
  4270 | D:5      | Entered Level 5 of the Dungeon
  4428 | D:5      | You fall into a shaft and drop 1 floor!
  4469 | D:6      | Reached skill level 4 in Fighting
  4490 | D:6      | Lost mutation: Your movements are slightly less encumbered
                  | by armour. (ER -2) [potion of mutation]
  4490 | D:6      | Lost mutation: You are occasionally teleported next to
                  | monsters. [potion of mutation]
  4490 | D:6      | Lost mutation: You can translocate small distances at will.
                  | [potion of mutation]
  4490 | D:6      | Lost mutation: You are agile. (Dex +2) [potion of mutation]
  4490 | D:6      | Gained mutation: You are partially covered in rugged brown
                  | scales. (AC +1, +3% HP) [potion of mutation]
  4490 | D:6      | Gained mutation: Scrolls take you a little longer to read.
                  | [potion of mutation]
  4490 | D:6      | Gained mutation: You have a pair of small horns on your
                  | head. [potion of mutation]
  4490 | D:6      | Gained mutation: You expend magic power (3 MP) to
                  | strengthen your wands. [potion of mutation]
  4491 | D:6      | Lost mutation: You have a pair of small horns on your head.
                  | [potion of mutation]
  4491 | D:6      | Lost mutation: Scrolls take you a little longer to read.
                  | [potion of mutation]
  4491 | D:6      | Lost mutation: You expend magic power (3 MP) to strengthen
                  | your wands. [potion of mutation]
  4491 | D:6      | Lost mutation: You are partially covered in rugged brown
                  | scales. (AC +1, +3% HP) [potion of mutation]
  4491 | D:6      | Gained mutation: You are robust. (+10% HP) [potion of
                  | mutation]
  4491 | D:6      | Gained mutation: Your mind is acute. (Int +2) [potion of
                  | mutation]
  4491 | D:6      | Gained mutation: You are covered in fur. (AC +1) [potion of
                  | mutation]
  4491 | D:6      | Gained mutation: You are resistant to hostile enchantments.
                  | (MR+) [potion of mutation]
  4492 | D:6      | Killed from afar by an orc priest

Levels and vault maps discovered:
D:1:      shiori_arrival_whats_in_store_for_you, layout_loops_ring,
          item_on_display_a
D:2:      layout_rooms
D:3:      layout_loops_corners
D:4:      layout_loops_ring
D:5:      layout_rooms, elyvilon_altar_3, minmay_temple_entry_slanted,
          serial_shops, shop_scrolls, first_ration, minivault_1, st_stairs_2,
          minmay_misc_feat_more_columns, minmay_shop_damaged
D:6:      layout_loops_ring, grunt_qazlal_clouds

Skill      XL: |  1  2  3  4  5  6 |
---------------+-------------------+-----
Axes           | 2 |  2.8
Armour         | 2 3 |  3.2
Dodging        | 1 |  1.1
Shields        | 1 |  1.5
Invocations    | 3 |  3.6
Fighting       | 4 |  4.0
Maces & Flails | |  0.6

Action                   |  1- 3 |  4- 6 || total
-------------------------+-------+-------++-------
Melee: Hand axe          |    79 |   124 ||   203
       Kick              |    15 |    35 ||    50
       Mace              |    49 |    55 ||   104
Throw: Boomerang         |       |     1 ||     1
Invok: Depart the Abyss  |     1 |       ||     1
       Bend Space        |       |     1 ||     1
       Banish            |       |     1 ||     1
  Use: Scroll            |     6 |     5 ||    11
       Potion            |     5 |     5 ||    10
  Eat: Chunk             |     1 |     9 ||    10
Armor: Chain mail        |    80 |   139 ||   219
       Leather armour    |     2 |       ||     2
       Skin              |       |    24 ||    24
Dodge: Dodged            |    36 |    59 ||    95
Block: Buckler           |    22 |    32 ||    54

Table legend:
 A = Non-vault XP
 B = Vault XP
 C = Vault XP percentage of total XP
 D = Non-vault monster count
 E = Vault monster count
 F = Vault count percentage of total count
                 A         B        C        D         E       F
            +---------+---------+-------+---------+---------+-------
      Total |     583 |       0 |   0.0 |      96 |       0 |   0.0
            +---------+---------+-------+---------+---------+-------
        D:1 |      29 |       0 |   0.0 |      17 |       0 |   0.0
        D:2 |      80 |       0 |   0.0 |      25 |       0 |   0.0
        D:3 |     210 |       0 |   0.0 |      36 |       0 |   0.0
        D:4 |     133 |       0 |   0.0 |       9 |       0 |   0.0
        D:5 |      58 |       0 |   0.0 |       6 |       0 |   0.0
        D:6 |      73 |       0 |   0.0 |       3 |       0 |   0.0
            +---------+---------+-------+---------+---------+-------
